Map: [ESL] Inside and Out

Players

SKillous - Winner!

  • Race: Protoss Protoss
  • Spawn Location: 7:00

BattleB

  • Race: Terran Terran
  • Spawn Location: 1:00

Event: DreamHack SC2 Masters 2022 Atlanta (Online)

VOD

Have the link to the VOD?

Description

Time

  • Played on: Oct. 1, 2022, 12:32 p.m.
  • Length: 16:57

All games in this series

Show
View Real Time Build Order
Export as new Build Order

SKillous Protoss - Winner!

Build Orders: 1 Gate Expand, Phoenix Opening 

Get SALT Encoding   

  12  0:00  Probe  
  13  0:12  Probe  
  14  0:16  Pylon  
  14  0:24  Probe (Chrono Boost)  
  15  0:34  Gateway  
  15  0:36  Probe (Chrono Boost)  
  15  0:42  Assimilator  
  16  0:46  Probe (Chrono Boost)  
  17  0:51  Probe  
  18  1:03  Probe  
  19  1:15  Probe  
  20  1:22  Cybernetics Core  
  20  1:32  Nexus  
  20  1:38  Pylon  
  20  1:42  Probe  
  21  1:47  Assimilator  
  21  1:54  Probe  
  21  1:55  Adept (Chrono Boost)  
  24  2:06  Probe  
  25  2:15  Stargate  
  25  2:18  Probe  
  25  2:19  Adept  
  28  2:31  Probe  
  29  2:38  Warp Gate  
  30  2:45  Probe (Chrono Boost)  
  30  2:47  Probe (Chrono Boost)  
  30  2:49  Adept  
  33  2:54  Probe (Chrono Boost)  
  33  2:57  Probe (Chrono Boost)  
  33  2:58  Phoenix (Chrono Boost)  
  35  2:59  Probe (Chrono Boost)  
  38  3:07  Probe (Chrono Boost)  
  38  3:10  Pylon  
  39  3:14  Phoenix (Chrono Boost)  
  39  3:19  Probe x2 (Chrono Boost)  
  43  3:28  Gateway  
  43  3:29  Probe (Chrono Boost)  
  43  3:30  Probe (Chrono Boost)  
  45  3:38  Phoenix, Probe  
  45  3:39  Probe  
  49  3:46  Assimilator  
  49  3:48  Assimilator  
  49  3:52  Robotics Facility  
  49  3:54  Probe x2 (Chrono Boost)  
  51  3:59  Pylon  
  52  4:05  Phoenix, Probe (Chrono Boost)  
  52  4:08  Pylon  
  54  4:17  Probe (Chrono Boost)  
  54  4:21  Probe (Chrono Boost)  
  56  4:29  Probe (Chrono Boost)  
  56  4:30  Phoenix  
  60  4:33  Probe (Chrono Boost)  
  60  4:34  Probe (Chrono Boost)  
  61  4:39  Pylon  
  61  4:40  Immortal (Chrono Boost)  
  61  4:45  Probe  
  66  4:47  Probe  
  67  4:57  Probe  
  67  5:03  Nexus  
  67  5:04  Probe  
  68  5:08  Pylon  
  68  5:09  Probe  
  68  5:14  Observer (Chrono Boost)  
  69  5:16  Probe  
  69  5:21  Sentry, Probe  
  73  5:23  Phoenix  
  73  5:25  Pylon  
  73  5:28  Adept, Probe  
  78  5:31  Pylon  
  76  5:40  Immortal (Chrono Boost)  
  72  5:44  Adept  
  72  5:46  Probe x2  
  74  5:50  Phoenix  
  72  5:58  Probe  
  72  6:00  Probe  
  72  6:03  Stalker  
  72  6:10  Robotics Bay, Probe, Gateway  
  73  6:12  Probe  
  73  6:13  Immortal (Chrono Boost)  
  78  6:20  Stalker  
  78  6:23  Probe (Chrono Boost)  
  78  6:29  Phoenix  
  81  6:33  Probe (Chrono Boost)  
  81  6:35  Probe (Chrono Boost)  
  81  6:37  Probe (Chrono Boost)  
  83  6:44  Probe (Chrono Boost)  
  83  6:45  Probe (Chrono Boost)  
  85  6:47  Probe (Chrono Boost)  
  85  6:53  Forge  
  87  6:55  Probe, Pylon  
  87  6:56  Twilight Council  
  87  6:57  Colossus (Chrono Boost)  
  93  7:02  Probe  
  93  7:04  Probe  
  95  7:08  Probe  
  95  7:10  Assimilator  
  95  7:11  Assimilator  
  95  7:13  Extended Thermal Lance  
  95  7:14  Probe  
  97  7:16  Sentry x2, Probe  
  97  7:19  Observer  
  97  7:21  Protoss Ground Weapons Level 1 (Chrono Boost)  
  102  7:26  Pylon  
  102  7:27  Charge, Probe  
  103  7:31  Nexus  
  103  7:32  Pylon  
  103  7:38  Shield Battery  
  103  7:42  Colossus (Chrono Boost)  
  109  7:51  Shield Battery  
  109  7:52  Pylon  
  112  8:03  Forge  
  109  8:07  Templar Archives  
  109  8:09  Gateway  
  109  8:10  Gateway x2  
  109  8:11  Observer  
  109  8:13  Gateway  
  109  8:14  Gateway  
  109  8:15  Pylon  
  109  8:21  Photon Cannon  
  109  8:23  Zealot x2  
  113  8:29  Protoss Ground Armor Level 1 (Chrono Boost)  
  113  8:31  Colossus (Chrono Boost)  
  119  8:38  Probe x2  
  119  8:40  Probe  
  117  8:43  Probe  
  118  8:51  Zealot, High Templar x2  
  118  8:54  Gateway  
  118  8:55  Gateway  
  124  8:57  Pylon  
  124  8:58  Archon  
  124  9:03  Probe, Photon Cannon  
  124  9:05  Probe  
  124  9:07  Probe x2  
  128  9:15  Probe, High Templar x2  
  128  9:16  High Templar x2  
  137  9:17  Warp Prism, Probe  
  137  9:20  Archon  
  136  9:26  Zealot x4  
  136  9:29  Archon, Probe  
  143  9:31  Shield Battery  
  143  9:35  Pylon  
  136  9:44  Probe  
  126  9:52  Blink  
  124  9:53  Probe, Protoss Ground Weapons Level 2 (Chrono Boost)  
  124  9:56  Observer (Chrono Boost)  
  124  9:59  Zealot x9, Sentry  
  146  10:00  Probe  
  146  10:01  Probe x2  
  149  10:20  Disruptor (Chrono Boost), Stalker x6  
  149  10:21  Stalker  
  162  10:25  Protoss Ground Armor Level 2 (Chrono Boost)  
  163  10:30  Robotics Facility  
  163  10:35  Assimilator  
  163  10:39  Assimilator  
  163  10:42  Zealot x3  
  169  10:43  Zealot x3, Photon Cannon  
  169  10:49  Disruptor  
  174  10:55  Probe  
  174  10:56  Probe  
  175  11:03  Zealot x3  
  175  11:07  Nexus  
  175  11:08  Pylon  
  161  11:19  Disruptor  
  161  11:21  Probe x2  
  161  11:25  Disruptor, Dark Shrine  
  166  11:28  Shield Battery  
  166  11:30  Photon Cannon  
  166  11:31  Photon Cannon  
  167  11:33  Pylon  
  167  11:38  Stalker  
  167  11:39  Stalker x3  
  173  11:41  Pylon  
  171  11:48  Zealot  
  173  11:55  Disruptor, Zealot x3  
  173  11:56  Sentry  
  173  12:01  Disruptor  
  182  12:07  Protoss Ground Weapons Level 3 (Chrono Boost)  
  183  12:14  Gravitic Boosters  
  183  12:15  Zealot x7  
  193  12:17  Zealot  
  192  12:30  Disruptor, Protoss Ground Armor Level 3 (Chrono Boost)  
  192  12:32  Zealot x2  
  192  12:35  Shadow Stride (Chrono Boost)  
  192  12:36  Disruptor  
  194  12:55  Zealot x4  
  193  13:02  Dark Templar x6  
  195  13:06  Disruptor  
  184  13:28  Zealot x4  
  192  13:38  Pylon  
  192  13:41  Disruptor x2 (Chrono Boost)  
  191  13:44  Zealot x3  
  191  13:45  Zealot x2  
  191  13:47  Gravitic Drive, Zealot  
  196  14:03  Pylon  
  196  14:12  Observer  
  196  14:13  Nexus, Observer  
  196  14:15  Robotics Facility  
  196  14:16  Pylon  
  198  14:18  Photon Cannon  
  198  14:19  Pylon  
  198  14:20  Dark Templar  
  198  14:23  Photon Cannon  
  190  14:25  Photon Cannon x2  
  190  14:27  Shield Battery  
  190  14:28  Assimilator  
  190  14:30  Dark Templar x6, Assimilator  
  190  14:31  Zealot x3  
  200  14:33  Observer  
  200  14:34  Observer (Chrono Boost)  
  200  14:36  Protoss Shields Level 1  
  164  14:40  Stalker x8  
  164  14:41  Stalker  
  164  14:45  Pylon  
  182  14:47  Pylon  
  182  14:55  Observer (Chrono Boost)  
  182  14:59  Zealot  
  177  15:04  Observer, Stalker x4  
  177  15:05  Stalker x5  
  183  15:15  Photon Cannon  
  183  15:16  Photon Cannon  
  183  15:18  Photon Cannon  
  183  15:19  Shield Battery  
  183  15:20  Zealot  
  185  15:33  Dark Templar x2  
  185  15:34  Dark Templar x4  
  197  15:47  Stalker  
  191  15:57  Colossus  
  191  16:00  Nexus  
  187  16:10  Pylon  
  185  16:12  Assimilator x2  
  179  16:18  Observer  
  179  16:20  Stalker x5  
  179  16:21  Stalker x3  
  184  16:46  Stalker x8  
Show
View Real Time Build Order
Export as new Build Order

BattleB Terran 

Build Orders: 1/1/1 

Get SALT Encoding   

  12  0:00  SCV  
  13  0:12  SCV  
  14  0:17  Supply Depot  
  14  0:25  SCV  
  15  0:39  SCV  
  15  0:40  Barracks  
  16  0:43  Refinery  
  16  0:51  SCV  
  16  0:52  Refinery  
  17  1:03  SCV  
  18  1:15  SCV  
  19  1:27  Reaper, Orbital Command  
  19  1:29  Supply Depot  
  20  1:40  Factory  
  20  1:53  SCV  
  21  2:00  Barracks Reactor  
  21  2:05  SCV  
  22  2:15  Command Center  
  22  2:18  SCV  
  23  2:27  Starport  
  25  2:30  Widow Mine  
  25  2:32  SCV  
  25  2:36  Marine  
  26  2:38  Marine  
  26  2:42  Supply Depot  
  27  2:47  SCV  
  28  2:52  Widow Mine  
  28  2:54  Marine  
  31  3:03  Marine  
  31  3:04  SCV  
  31  3:05  Medivac  
  35  3:12  Marine  
  35  3:16  Factory Tech Lab  
  35  3:17  SCV  
  37  3:21  Marine  
  38  3:29  SCV  
  39  3:41  SCV, Marine x2  
  39  3:46  Cyclone, Orbital Command  
  45  3:52  Viking  
  45  3:53  SCV  
  48  4:00  Supply Depot  
  48  4:01  Marine x2  
  50  4:06  SCV  
  51  4:11  SCV  
  52  4:21  Marine x2  
  52  4:22  Cyclone  
  52  4:23  Supply Depot  
  57  4:25  Liberator  
  57  4:28  SCV x2  
  62  4:35  Supply Depot  
  62  4:44  SCV x2, Marine x2  
  66  4:46  Supply Depot  
  66  4:56  Cyclone, SCV  
  66  4:57  SCV  
  66  4:59  Supply Depot  
  69  5:02  Marine  
  69  5:03  Marine  
  69  5:09  SCV x2  
  71  5:17  Command Center  
  71  5:20  Marine  
  71  5:21  SCV x2  
  71  5:23  Supply Depot  
  71  5:25  Marine  
  73  5:33  SCV x2  
  74  5:36  Siege Tank  
  74  5:38  Marine  
  74  5:43  Marine  
  74  5:45  SCV x2  
  74  5:48  Starport Tech Lab  
  74  5:51  Barracks  
  74  5:52  Barracks  
  74  5:55  Marine  
  73  5:58  SCV  
  73  6:00  Marine  
  73  6:02  SCV  
  74  6:06  Engineering Bay  
  74  6:07  Engineering Bay, Refinery x2  
  71  6:12  Siege Tank  
  71  6:13  Marine  
  71  6:17  SCV  
  71  6:18  SCV, Marine  
  77  6:21  Supply Depot  
  78  6:30  Orbital Command  
  78  6:31  SCV x2, Marine  
  78  6:35  Terran Infantry Armor Level 1, Terran Infantry Weapons Level 1  
  78  6:36  Marine  
  79  6:40  Barracks  
  79  6:42  Barracks, Starport Reactor  
  79  6:44  SCV x2  
  81  6:48  Stimpack, Combat Shield  
  81  6:53  Marauder x2  
  85  6:54  Marine  
  85  6:55  Orbital Command  
  85  6:56  Marine  
  85  6:57  Factory Reactor  
  85  6:59  SCV x2  
  89  7:03  Missile Turret  
  89  7:05  Missile Turret  
  89  7:13  SCV x2  
  91  7:17  Marauder, Marine  
  91  7:18  Marauder, Marine  
  91  7:21  SCV  
  98  7:23  Supply Depot, Medivac x2  
  98  7:25  SCV  
  98  7:28  SCV  
  98  7:29  Barracks Reactor  
  104  7:30  Refinery x2  
  104  7:35  Ghost Academy, Widow Mine  
  104  7:36  Barracks Tech Lab  
  104  7:37  SCV  
  107  7:38  Marine x2  
  107  7:41  Marauder  
  111  7:49  Missile Turret  
  111  7:50  Supply Depot  
  111  7:51  Supply Depot, SCV x2  
  111  7:52  SCV  
  111  7:53  Marauder  
  113  8:01  Marine x2  
  113  8:02  Marauder  
  113  8:03  SCV x2  
  113  8:04  SCV  
  113  8:05  Ghost  
  122  8:07  Marine x2  
  122  8:10  Medivac  
  122  8:11  Medivac  
  128  8:13  Enhanced Shockwaves  
  128  8:17  SCV x2  
  128  8:18  SCV  
  128  8:19  Marine x2  
  132  8:22  Ghost  
  132  8:25  Concussive Shells  
  135  8:27  Marine  
  135  8:29  Marine  
  135  8:30  Supply Depot  
  135  8:32  SCV  
  135  8:33  SCV  
  139  8:35  Missile Turret  
  139  8:37  Ghost  
  139  8:38  Marine  
  139  8:39  Marauder, Marine  
  145  8:42  Widow Mine  
  145  8:43  Supply Depot  
  145  8:45  Armory  
  147  8:50  Bunker, Marine  
  147  8:51  Marine  
  147  8:53  Marine  
  150  9:00  Marauder  
  152  9:03  Command Center  
  152  9:05  Marine x2  
  152  9:08  Marauder, Marine  
  152  9:09  Marine  
  158  9:12  Marauder  
  158  9:15  Armory  
  160  9:17  Engineering Bay  
  160  9:21  Widow Mine x2  
  164  9:26  Marine  
  164  9:27  Supply Depot  
  81  9:31  Medivac  
  162  9:33  Medivac  
  162  9:38  Marine  
  146  9:39  Marauder  
  146  9:40  Marine  
  146  9:41  Marauder  
  146  9:42  Marine  
  146  9:43  Marauder, Marine  
  129  9:46  Terran Infantry Armor Level 2, Terran Infantry Weapons Level 2  
  129  9:52  Terran Ship Weapons Level 1  
  125  9:56  Marine  
  125  9:58  Marine  
  125  9:59  Barracks  
  127  10:03  Barracks  
  127  10:05  Marine x2  
  129  10:08  Ghost  
  129  10:09  Ghost  
  129  10:13  SCV x3  
  129  10:14  Marine  
  136  10:19  Marauder, Marine  
  140  10:23  Marine  
  140  10:27  Marine  
  141  10:30  SCV x2  
  141  10:32  Marine  
  141  10:33  Medivac x2, Widow Mine x2  
  152  10:37  Marine  
  152  10:38  Barracks, Marine  
  152  10:44  Ghost x2  
  152  10:45  Marine x2  
  157  10:50  SCV x2  
  157  10:51  SCV  
  157  10:52  Barracks Tech Lab x2  
  157  10:53  Marine  
  160  10:59  Marine x2  
  160  11:02  SCV x2  
  160  11:04  Marine  
  160  11:09  Planetary Fortress  
  158  11:11  Marine x2  
  158  11:12  Marauder  
  158  11:13  Marauder  
  158  11:14  SCV  
  158  11:17  SCV  
  166  11:19  Viking  
  166  11:23  Viking  
  168  11:30  Barracks  
  168  11:35  SCV x2  
  168  11:36  Marauder x3  
  168  11:39  Marine x2  
  179  11:40  Marauder  
  179  11:41  Marine  
  179  11:44  Marine  
  182  11:48  Marine  
  183  11:55  Terran Ship Weapons Level 2  
  183  11:57  Marauder  
  183  11:58  Marauder  
  187  12:01  Marine  
  187  12:02  Marine x2  
  188  12:17  Supply Depot  
  188  12:21  Supply Depot  
  188  12:22  Terran Infantry Weapons Level 3, Terran Infantry Armor Level 3  
  188  12:23  Command Center  
  188  12:27  Marine  
  188  12:28  Refinery x2, Marine  
  188  12:29  Marauder  
  187  12:30  Missile Turret, Marauder x2  
  183  12:38  Missile Turret, Marine  
  183  12:39  Missile Turret, Marauder, Marine  
  183  12:41  Medivac  
  189  12:50  Marauder  
  189  12:51  Marauder, Marine  
  185  12:53  Marine  
  185  12:54  Marauder  
  188  13:00  Marine  
  188  13:01  Marauder  
  188  13:08  Medivac  
  188  13:11  Marine  
  188  13:12  Marauder  
  192  13:18  Marine  
  192  13:19  Barracks Tech Lab, Marauder x2  
  196  13:20  Marine  
  196  13:22  Medivac, Marauder  
  196  13:26  Marine  
  189  13:31  Marine  
  189  13:33  Barracks Reactor, Marauder  
  191  13:38  Medivac, Ghost  
  191  13:39  Ghost x2  
  198  13:43  Sensor Tower, Marine x2  
  200  13:52  Missile Turret, Planetary Fortress  
  200  13:54  Sensor Tower  
  199  14:06  Sensor Tower  
  199  14:07  Command Center  
  199  14:11  Command Center, Hi-Sec Auto Tracking  
  199  14:22  Ghost  
  193  14:32  Marine x2  
  193  14:33  Marauder  
  193  14:37  Marine  
  193  14:38  Marauder, Marine x2  
  189  14:39  Marauder  
  189  14:43  Marine  
  192  14:46  Marine  
  192  14:51  Marauder  
  127  15:00  Medivac x2, Widow Mine  
  187  15:02  Marine  
  187  15:03  Marauder, Marine x3  
  187  15:04  Marauder  
  181  15:18  Marine  
  181  15:19  Marauder  
  181  15:20  Marine  
  181  15:21  Marauder x2, Marine  
  187  15:22  Marine  
  187  15:23  Marine  
  187  15:24  Marauder  
  187  15:26  Marauder  
  187  15:28  Marine  
  193  15:36  Marine  
  193  15:40  Marauder  
  195  15:43  Marauder  
  195  15:47  Marauder, Marine x3  
  195  15:48  Marauder  
  176  16:00  Planetary Fortress  
  176  16:01  Marine  
  176  16:02  Marauder  
  176  16:03  Marine  
  168  16:04  Marine x2  
  168  16:05  Marauder  
  168  16:09  Marine  
  168  16:10  Marauder  
  153  16:19  Marauder, Marine x2  
  153  16:20  Medivac x2, Widow Mine  
  153  16:21  Widow Mine  
  153  16:28  Marine  
  153  16:29  Marauder  
  153  16:31  Marine  
  153  16:32  Marauder  
  158  16:34  Marine  
  158  16:39  Marine  
Tags
 
Add a new tag
Caveats
  • Supply blocks, unpowered buildings, or Contaminate may cause inaccurate times.
  • Supply counts are checked every 10 seconds.